 Dungeon Sprint DCSS version 0.24.0-123-gd5b16e6ec5 (webtiles) character file.

Game seed: 327128074139446061, levelgen mode: deterministic

58 McKennaii the Zephyrmancer (level 4, -1/24 HPs)
             Began as a Tengu Air Elementalist on Dec 18, 2019.
             Slain by a killer bee (4 damage)
             ... in the Dungeon (Sprint IV: "Fedhas' Mad Dash").
             The game lasted 00:02:41 (212 turns).

McKennaii the Zephyrmancer (Tengu Air Elementalist)  Turns: 212, Time: 00:02:42

Health: -1/24      AC:  2    Str:  8    XL:     4   Next: 1%
Magic:  4/9        EV: 13    Int: 17    God:
Gold:   56         SH:  0    Dex: 14    Spells: 8/9 levels left

rFire    . . .     SeeInvis .   (no weapon)
rCold    . . .     Gourm    .   (no shield)
rNeg     . . .     Faith    .   a - +0 robe
rPois    .         Spirit   .   (helmet restricted)
rElec    .         Reflect  .   (no cloak)
rCorr    .         Harm     .   (no gloves)
MR       .....     NoTele   +   (boots unavailable)
Stlth    ++........             b - amulet of invisibility {+Inv}
HPRegen  0.08/turn              (no ring)
MPRegen  0.11/turn              (no ring)

@: lethally poisoned (-1 -> -10)
A: beak, talons 3
a: Evoke Invisibility


You were in the Dungeon.
You were not hungry.

You visited 1 branch You collected 56 gold pieces.

Inventory:

Armour
 a - a +0 robe (worn)
Jewellery
 b - the amulet of invisibility (around neck) {+Inv}
   (You found it in the Dungeon)

   [amulet of nothing]

   It lets you turn invisible.
Scrolls
 i - a scroll of blinking
Potions
 f - a potion of haste
 g - 2 potions of magic
 h - a potion of berserk rage
Comestibles
 c - 2 rations


   Skills:
 + Level 3.1 Dodging
 + Level 2.7 Stealth
 + Level 3.1 Spellcasting
 + Level 2.2 Conjurations
 * Level 9.0 Air Magic


You had 8 spell levels left.
You knew the following spells:

 Your Spells              Type           Power        Failure   Level  Hunger
a - Shock                 Conj/Air       ###.         1%          1    None

Your spell library contained the following spells:

 Spells                   Type           Power        Failure   Level  Hunger
 Swiftness                Chrm/Air       ###.....     4%          2    ##.....
 Static Discharge         Conj/Air       ###.....     4%          3    ###....
 Airstrike                Air            ####......   4%          4    ####...
 Lightning Bolt           Conj/Air       ###.......   43%         5    ######.


Dungeon Overview and Level Annotations

Branches:
Dungeon (1/1)

Altars:
Cheibriados
Gozag
Hepliaklqana
Makhleb
Nemelex Xobeh
Ru
Sif Muna
Trog
Wu Jian
Xom
Yredelemnul
Beogh
Jiyva

Annotations:
D exclusion: 2 oklob saplings


Innate Abilities, Weirdness & Mutations

You have a beak for a mouth.
You have claws for feet.


Message History

You are lethally poisoned!
The killer bee poisons you! The killer bee barely misses you. x2
The killer bee stings you!
* * * LOW HITPOINT WARNING * * *
You feel better. The killer bee closely misses you. x3
The killer bee stings you!
* * * LOW HITPOINT WARNING * * *
You are lethally poisoned!
The killer bee poisons you!
Casting: Shock (safe; 1% risk of failure)
Confirm with . or Enter, or press ? or * to list all spells.
Aiming: Shock (safe; 1% risk of failure)
Press: ? - help, Shift-Dir - straight line The zap hits the killer bee but does no damage.
The killer bee is heavily wounded.
The zap misses the killer bee.
* * * LOW HITPOINT WARNING * * *
You feel sick. The killer bee closely misses you. x2
The killer bee stings you.
You die...

#########################
#<..P#.....#.$...#.⌠._._.
#PP..'....†'.#...'.._._._
#PPPP#.....#P#@y.#..._._P
###############y##.._._._
..y♣.......yy.y.#._._._.
y.....♣....y#...########
.y. ♣..♣..###### +
#+#####


You could see a queen bee and 2 killer bees.

Vanquished Creatures
  An oklob sapling (D)
  A worker ant (D)
  A river rat (D)
  A rat (D)
4 creatures vanquished.

Notes
Turn   | Place    | Note
-------+----------+-------------------------------------------
     0 | D        | McKennaii the Tengu Air Elementalist began the quest for
                  | the Orb.
     0 | D        | Reached XP level 1. HP: 10/10 MP: 4/4
     9 | D        | Reached skill level 6 in Air Magic
     9 | D        | Reached XP level 2. HP: 15/15 MP: 0/6
    67 | D        | Noticed an oklob sapling
    71 | D        | Found the amulet of invisibility {+Inv}
    77 | D        | Reached skill level 7 in Air Magic
    77 | D        | Reached XP level 3. HP: 19/19 MP: 0/8
   149 | D        | Found an opulent altar of Gozag.
   149 | D        | Found a hazy altar of Hepliaklqana.
   149 | D        | Found a burning altar of Makhleb.
   149 | D        | Found a roughly hewn altar of Beogh.
   149 | D        | Found a sparkling altar of Nemelex Xobeh.
   149 | D        | Found a snail-covered altar of Cheibriados.
   149 | D        | Found a sacrificial altar of Ru.
   149 | D        | Found a shimmering blue altar of Sif Muna.
   149 | D        | Found a shimmering altar of Xom.
   149 | D        | Found a basalt altar of Yredelemnul.
   150 | D        | Found a viscous altar of Jiyva.
   150 | D        | Found a bloodstained altar of Trog.
   150 | D        | Found an ornate altar of the Wu Jian Council.
   150 | D        | Noticed an oklob sapling priest
   154 | D        | Noticed an oklob sapling
   156 | D        | Killed an oklob sapling
   156 | D        | Reached skill level 9 in Air Magic
   156 | D        | Reached XP level 4. HP: 24/24 MP: 6/9
   192 | D        | Noticed a queen bee
   212 | D        | Slain by a killer bee

Levels and vault maps discovered:
D:        dungeon_sprint_fedhas [sprint_temple]

Skill      XL: |  1  2  3 |
---------------+----------+-----
Air Magic      | 6 7 9 |  9.0
Conjurations   | 2 |  2.2
Dodging        | 3 |  3.1
Spellcasting   | 3 |  3.1
Stealth        | |  2.7

Action                   |  1- 3 |  4- 6 || total
-------------------------+-------+-------++-------
Melee: Unarmed           |     1 |       ||     1
       Kick              |     1 |       ||     1
 Cast: Shock             |    10 |     7 ||    17
  Use: Potion            |       |     2 ||     2
Armor: Robe              |     1 |       ||     1
Dodge: Dodged            |     8 |    15 ||    23
